Map: 永恒梦境-天梯版

Players

Cyan - Winner!

  • Race: Protoss Protoss

iGXiGua (XiGua)

  • Race: Zerg Zerg

Event: DreamHack SC2 Masters 2020 Fall

VOD

Have the link to the VOD?

Description

Time

  • Played on: Sept. 2, 2020, 9:34 a.m.
  • Length: 9:13

All games in this series

Show
View Real Time Build Order
Export as new Build Order

Cyan Protoss - Winner!

Build Orders: 1 Gate Expand, Mass Adepts 

Get SALT Encoding   

  12  0:00  Probe  
  13  0:12  Probe  
  14  0:18  Pylon  
  14  0:24  Probe  
  15  0:36  Probe (Chrono Boost)  
  15  0:39  Gateway  
  16  0:45  Probe (Chrono Boost)  
  16  0:49  Assimilator  
  17  0:51  Probe  
  18  1:03  Probe  
  19  1:15  Probe  
  20  1:25  Nexus  
  20  1:36  Cybernetics Core  
  20  1:39  Probe  
  21  1:45  Assimilator  
  21  1:51  Probe  
  22  1:55  Pylon  
  22  2:03  Probe  
  23  2:10  Adept (Chrono Boost)  
  23  2:15  Probe  
  26  2:17  Stargate  
  26  2:27  Warp Gate  
  26  2:28  Probe (Chrono Boost)  
  27  2:30  Adept (Chrono Boost)  
  29  2:37  Probe (Chrono Boost)  
  31  2:45  Probe (Chrono Boost)  
  31  2:46  Probe (Chrono Boost)  
  32  2:51  Probe x2 (Chrono Boost)  
  32  2:53  Adept  
  36  2:58  Void Ray (Chrono Boost)  
  36  3:03  Probe  
  37  3:08  Probe  
  42  3:16  Gateway  
  42  3:17  Pylon  
  42  3:20  Probe  
  41  3:27  Adept  
  41  3:28  Probe  
  42  3:35  Probe  
  42  3:36  Twilight Council  
  42  3:40  Probe  
  44  3:44  Gateway  
  44  3:49  Gateway  
  44  3:53  Probe  
  44  3:55  Probe  
  46  3:58  Pylon  
  46  4:05  Probe  
  46  4:06  Resonating Glaives (Chrono Boost)  
  46  4:07  Probe  
  46  4:09  Assimilator  
  48  4:15  Adept, Pylon  
  48  4:16  Adept  
  52  4:19  Probe  
  53  4:28  Probe  
  53  4:31  Pylon  
  54  4:38  Nexus  
  54  4:41  Adept  
  54  4:43  Adept  
  58  4:46  Adept  
  58  4:49  Adept  
  58  4:51  Probe  
  63  4:56  Pylon  
  63  5:04  Adept  
  63  5:05  Adept  
  67  5:07  Adept  
  67  5:08  Probe x2  
  67  5:11  Adept  
  73  5:19  Robotics Facility, Assimilator  
  73  5:20  Probe  
  74  5:28  Adept x3  
  78  5:33  Adept  
  78  5:34  Probe x2  
  84  5:41  Robotics Facility  
  84  5:46  Probe  
  84  5:47  Probe  
  84  5:51  Probe  
  85  5:58  Probe  
  85  6:00  Probe  
  85  6:01  Adept  
  85  6:02  Adept x3  
  85  6:03  Probe  
  82  6:10  Probe  
  83  6:11  Immortal (Chrono Boost)  
  85  6:19  Probe  
  84  6:27  Sentry x4  
  84  6:30  Gateway x2  
  92  6:36  Gateway x2  
  92  6:39  Pylon  
  92  6:42  Warp Prism (Chrono Boost)  
  92  6:45  Observer (Chrono Boost)  
  95  6:48  Probe x3  
  95  6:51  Pylon  
  94  6:55  Sentry x3  
  94  6:57  Shield Battery  
  94  7:00  Adept, Pylon  
  96  7:25  Sentry x3  
  96  7:26  Zealot x3  
  96  7:27  Probe x2  
  96  7:28  Probe  
  96  7:29  Assimilator  
  111  7:34  Assimilator  
  103  7:46  Probe x2  
  103  7:49  Forge, Immortal (Chrono Boost)  
  105  7:53  Probe  
  105  7:57  Stalker  
  109  8:09  Shield Battery, Immortal  
  109  8:10  Adept  
  115  8:18  Adept x5  
  121  8:30  Pylon  
  121  8:31  Pylon  
  121  8:32  Pylon  
  115  8:35  Probe x2  
  113  8:41  Stalker x2  
  113  8:42  Stalker x4  
  113  8:48  Nexus, Stalker x2  
  127  8:51  Pylon  
  127  8:53  Pylon  
Show
View Real Time Build Order
Export as new Build Order

iGXiGua Zerg 

Build Orders: Hatch First 

Get SALT Encoding   

  12  0:00  Drone  
  13  0:12  Overlord  
  13  0:16  Drone  
  14  0:30  Drone  
  14  0:35  Drone  
  16  0:51  Drone, Hatchery  
  16  0:54  Drone  
  17  0:58  Drone  
  17  1:01  Extractor  
  17  1:14  Spawning Pool  
  17  1:17  Drone  
  17  1:20  Drone  
  18  1:28  Drone  
  19  1:46  Hatchery  
  18  1:49  Drone  
  19  1:54  Drone  
  20  2:03  Metabolic Boost  
  20  2:10  Queen  
  22  2:17  Drone  
  22  2:18  Drone  
  24  2:26  Queen  
  26  2:32  Overlord  
  26  2:36  Zergling x2  
  27  2:38  Zergling x2  
  28  2:50  Queen  
  28  2:51  Drone x2  
  32  2:55  Zergling x4  
  34  3:03  Zergling x4  
  36  3:10  Queen  
  36  3:12  Zergling x4  
  40  3:15  Drone  
  41  3:20  Overlord  
  41  3:26  Drone  
  41  3:27  Drone  
  41  3:30  Overlord  
  41  3:37  Drone  
  41  3:38  Overlord  
  42  3:42  Drone x3  
  42  3:44  Drone  
  46  3:49  Overlord  
  46  3:53  Overlord  
  45  3:56  Spore Crawler  
  44  4:03  Drone x2, Evolution Chamber  
  44  4:04  Drone  
  44  4:07  Spore Crawler  
  44  4:08  Drone  
  46  4:10  Drone  
  46  4:14  Drone x2  
  48  4:18  Drone x2  
  48  4:21  Drone x2  
  51  4:26  Drone x2  
  51  4:27  Drone  
  51  4:30  Zerg Melee Weapons Level 1  
  54  4:33  Drone  
  54  4:35  Extractor  
  54  4:37  Overlord  
  54  4:41  Drone x3  
  54  4:43  Drone x2  
  54  4:44  Drone  
  60  4:50  Zergling x6  
  60  4:51  Zergling x2  
  64  4:54  Zergling x4  
  66  5:00  Baneling Nest  
  66  5:03  Zergling x6  
  66  5:04  Zergling x6  
  66  5:06  Overlord  
  71  5:11  Overlord  
  71  5:12  Overlord  
  71  5:16  Overlord  
  71  5:18  Overlord  
  71  5:19  Overlord  
  71  5:21  Zergling x2  
  71  5:25  Queen  
  71  5:27  Zergling x6  
  75  5:30  Zergling x4  
  75  5:31  Zergling x2  
  75  5:33  Zergling x2  
  79  5:36  Zergling x4  
  79  5:42  Zergling x6  
  84  5:48  Zergling x8  
  86  5:52  Zergling x2  
  78  5:58  Zergling x14  
  78  6:03  Zergling x2  
  72  6:08  Zergling x4  
  74  6:16  Zergling x6  
  70  6:24  Zergling x2  
  70  6:25  Baneling x3  
  67  6:31  Zergling x4  
  69  6:33  Zergling x2  
  69  6:34  Zergling x4  
  72  6:40  Zergling x10  
  72  6:44  Zergling x2  
  78  6:48  Zergling x2  
  78  6:51  Zergling x2  
  78  6:52  Baneling x2  
  75  6:55  Zergling x2  
  75  6:58  Baneling x13  
  75  7:03  Zergling x10, Hatchery  
  75  7:07  Zergling x2  
  80  7:11  Zergling x2  
  76  7:17  Zergling x16  
  77  7:28  Drone x5  
  77  7:29  Spawning Pool  
  81  7:33  Drone  
  80  7:42  Drone x3  
  74  7:47  Drone x6  
  74  7:49  Extractor x2  
  77  7:52  Drone x2  
  74  8:08  Pneumatized Carapace  
  72  8:15  Zergling x6  
  72  8:16  Zergling x20  
  84  8:20  Zergling x2  
  80  8:27  Zergling x2  
  80  8:28  Zergling x10  
  80  8:31  Zergling x2  
  84  8:45  Drone x3  
  84  8:46  Drone x2  
  84  8:47  Overlord x2  
  88  8:52  Zergling x8  

Tags
 
Add a new tag
Caveats
  • Supply blocks, unpowered buildings, or Contaminate may cause inaccurate times.
  • Supply counts are checked every 10 seconds.